 Dungeon Crawl Stone Soup version 0.32-a0-961-gd60f5e5fc7 (webtiles) character file.

Game seed: 15453525386230798328

700 uglyjohn the Digger (level 7, -2/36 HPs)
             Began as a Gargoyle Earth Elementalist on Apr 17, 2024.
             Killed by divine providence
             ... invoked by an orc priest
              (12 damage)
             ... on level 4 of the Dungeon.
             The game lasted 00:09:06 (4602 turns).

uglyjohn the Digger (Gargoyle Earth Elementalist)   Turns: 4602, Time: 00:09:07

Health: -2/36      AC:  8    Str: 11    XL:     7   Next: 65%
Magic:  2/14       EV: 11    Int: 18    God:
Gold:   182        SH:  0    Dex: 10    Spells: 7/15 levels left

rFire   . . .        l - +4 quarterstaff (chaos)
rCold   . . .        (shield currently unavailable)
rNeg    + . .        a - +0 robe
rPois   ∞            (no helmet)
rElec   +            m - +0 cloak
rCorr   .            (no gloves)
SInv    .            t - +0 pair of boots
Will    .....        (no amulet)
Stlth   ++           (no ring)
HPRegen 0.26/turn    (no ring)
MPRegen 0.14/turn

%: no passive effects
@: no status effects
A: sickness immunity, AC +4, negative energy resistance 1, electricity
resistance, torment resistance 1, petrification resistance
a: Convert to Beogh


You were on level 4 of the Dungeon.
You visited 1 branch of the dungeon, and saw 5 of its levels.

You collected 240 gold pieces.
You spent 58 gold pieces at shops.

Inventory:

Hand Weapons
 d - a +2 mace of protection
 l - a +4 quarterstaff of chaos (weapon)
Missiles
 w - 2 throwing nets
Armour
 a - a +0 robe (worn)
 m - a +0 cloak (worn)
 t - a +0 pair of boots (worn)
Jewellery
 s - a ring of willpower
Scrolls
 e - a scroll of fog {unknown}
 f - a scroll of enchant armour {unknown}
 g - 3 scrolls of teleportation {unknown}
 i - 2 scrolls of poison {unknown}
 n - 2 scrolls of identify {unknown}
 o - a scroll of acquirement {unknown}
 p - 2 scrolls of vulnerability {unknown}
 r - a scroll of fear {unknown}
 u - a scroll of torment {unknown}
 v - a scroll of immolation {unknown}
Potions
 c - a potion of mutation {unknown}
 h - 2 potions of enlightenment {unknown}
 j - a potion of degeneration {unknown}
 q - a potion of curing {unknown}
 x - a potion of ambrosia {unknown}
 z - a potion of resistance {unknown}


   Skills:
 - Level 1.5 Dodging
 - Level 2.1 Stealth
 + Level 4.7 Spellcasting
 + Level 5.1 Conjurations
 + Level 6.6 Earth Magic


You had 7 spell levels left.
You knew the following spells:

 Your Spells              Type           Power      Damage    Failure   Level
a - Sandblast             Erth           56%        2d13      1%          1
b - Stone Arrow           Conj/Erth      50%        3d10      3%          3
c - Brom's Barrelling Bo  Conj/Erth      25%        2d5       12%         4

Your spell library contained the following spells:

 Spells                   Type           Power      Damage    Failure   Level
 Passwall                 Erth           28%        N/A       2%          3
 Petrify                  Alch/Erth      16%        N/A       34%         4
 Inner Flame              Hex/Fire       4%         N/A       38%         3
 Tukima's Dance           Hex            4%         N/A       38%         3
 Arcjolt                  Conj/Air       6%         1d16      78%         5
 Irradiate                Conj/Alch      6%         3d13      78%         5
 Passage of Golubria      Tloc           4%         N/A       80%         4
 Summon Lightning Spire   Summ/Air       4%         N/A       80%         4
 Yara's Violent Unravell  Hex/Alch       2%         3d3       98%         5
 Ignition                 Fire           2%         3d3       100%        8
 Maxwell's Capacitive Co  Air            2%         ∞         100%        8


Dungeon Overview and Level Annotations

Branches:
Dungeon (5/15)
 Temple: D:4-7

Altars:
Dithmenos
Sif Muna
Zin

Shops:
D:1 (   D:3 [   D:4 *


Innate Abilities, Weirdness & Mutations

You are immune to sickness and miasma.
Your stone body is resilient. (AC +4)
You are immune to poison.
You resist negative energy. (rN+)
You are resistant to electric shocks. (rElec)
You are resistant to unholy torment.
You are immune to petrification.


Message History

The stone arrow hits the orc wizard!
You kill the orc wizard!
The orc barely misses you. The orc priest barely misses you.
Magic courses through your body. The orc completely misses you.
The orc priest barely misses you.
Casting: Stone Arrow (dangerous; 3% risk of failure)
Confirm with . or Enter, or press ? or * to list all spells.
Aiming: Stone Arrow (dangerous; 3% risk of failure)
Press: ? - help, Shift-Dir - straight line, f - orc
Aim: an orc, wielding a +0 flail (71% to hit)
The stone arrow hits the orc!
You kill the orc!
The orc priest hits you with a +0 hand axe.
* * * LOW HITPOINT WARNING * * *
Casting: Stone Arrow (dangerous; 3% risk of failure)
Confirm with . or Enter, or press ? or * to list all spells.
Aiming: Stone Arrow (dangerous; 3% risk of failure)
Press: ? - help, Shift-Dir - straight line, f - orc priest
Aim: an orc priest, wielding a +0 hand axe and wearing a +2 chain mail of cold resistance (79% to hit)
The stone arrow hits the orc priest!
The orc priest is heavily wounded.
The orc priest closely misses you.
Casting: Stone Arrow (dangerous; 3% risk of failure)
Confirm with . or Enter, or press ? or * to list all spells.
Aiming: Stone Arrow (dangerous; 3% risk of failure)
Press: ? - help, Shift-Dir - straight line, f/p - orc priest
Aim: an orc priest, wielding a +0 hand axe and wearing a +2 chain mail of cold resistance (heavily wounded, 79% to hit)
The stone arrow hits the orc priest but does no damage.
The orc priest is heavily wounded.
The orc priest barely misses you.
Casting: Stone Arrow (dangerous; 3% risk of failure)
Confirm with . or Enter, or press ? or * to list all spells.
Aiming: Stone Arrow (dangerous; 3% risk of failure)
Press: ? - help, Shift-Dir - straight line, f/p - orc priest
Aim: an orc priest, wielding a +0 hand axe and wearing a +2 chain mail of cold resistance (heavily wounded, 79% to hit)
The stone arrow hits the orc priest.
The orc priest is severely wounded.
The orc priest calls down the wrath of Beogh upon you.
Beogh smites you!
You die...

### ### #.# ### ###.####.# ####
#.# ####..###.... #..## #.#
##...#####.### ##...### ##.#
##...## ##..# #
#..##..###..#####....# ##..####
##..###.....#...))...####...###.
##...###....###.@.........).)##..
##...##.....# #)o........##......
.÷...#......###...#....#######...
............##...###...## #..#.
........#.........##....#####..#.
.......#.....###.....#....##..###
..........#### #.....####......##
..........## ##.....# ##.....##
..##...##..# #......## ##......


You could see an orc priest.

Vanquished Creatures
  A centaur (D:5)
  2 scorpions (D:4)
  A bombardier beetle (D:4)
  3 hounds
  Crazy Yiuf (D:2)
  An orc priest (D:5)
  Jessica (D:2)
  An orc wizard (D:4)
  14 gnolls
  3 adders (D:2)
  8 dart slugs
  3 ribbon worms (D:2)
  10 orcs
  2 bats (D:1)
  6 endoplasms
  A giant cockroach (D:4)
  6 goblins
  8 hobgoblins
  6 quokkas
  13 ball pythons
  3 frilled lizards
  5 kobolds
  3 rats
102 creatures vanquished.

Notes
Turn   | Place    | Note
-------+----------+-------------------------------------------
     0 | D:1      | uglyjohn the Gargoyle Earth Elementalist began the quest
                  | for the Orb.
     0 | D:1      | Reached XP level 1. HP: 10/10 MP: 3/3
    97 | D:1      | Reached XP level 2. HP: 15/15 MP: 0/5
   234 | D:1      | Reached skill level 4 in Earth Magic
   561 | D:1      | Found Cugaavo's Weapon Emporium.
   646 | D:1      | Reached XP level 3. HP: 19/19 MP: 4/6
  1150 | D:2      | Noticed Jessica
  1154 | D:2      | Killed Jessica
  1155 | D:2      | Reached XP level 4. HP: 24/24 MP: 4/8
  1215 | D:2      | Learned a level 3 spell: Stone Arrow
  1285 | D:2      | Found a glowing silver altar of Zin.
  1306 | D:2      | Reached XP level 5. HP: 17/28 MP: 1/9
  1402 | D:2      | Reached skill level 5 in Earth Magic
  1948 | D:2      | Found a runed translucent door.
  1949 | D:2      | Noticed Crazy Yiuf
  2163 | D:2      | Killed Crazy Yiuf
  2411 | D:3      | Learned a level 4 spell: Brom's Barrelling Boulder
  2475 | D:3      | Reached XP level 6. HP: 32/32 MP: 4/11
  2910 | D:3      | Found Pischaeli's Armour Shop.
  2919 | D:3      | Bought a +0 pair of boots for 58 gold pieces
  3139 | D:4      | Found Miar's Assorted Antiques.
  3359 | D:4      | Identified the +3 dagger of Linearity {freeze, ^Drain rElec
                  | rCorr MP+9}
  3382 | D:4      | Found a shadowy altar of Dithmenos.
  3594 | D:4      | Reached skill level 6 in Earth Magic
  3596 | D:4      | Reached XP level 7. HP: 36/36 MP: 8/13
  3692 | D:4      | Found a shimmering blue altar of Sif Muna.
  4472 | D:5      | Entered Level 5 of the Dungeon
  4491 | D:5      | Reached skill level 5 in Conjurations
  4602 | D:4      | Killed from afar by an orc priest

Illustrated notes

Levels and vault maps discovered:
D:1:      minmay_arrival_nine_rooms, layout_loops_ring, serial_shops, shop,
          minmay_tromino_v7
D:2:      layout_loops_ring, basic_altar, kennysheep_generic_room_16,
          uniq_crazy_yiuf_cottage, uniq_jessica
D:3:      layout_basic, serial_shops, nicolae_shop_just_a_little_nook
D:4:      layout_layer_cave, grunt_dithmenos_smoke,
          hellmonk_sif_muna_bookshelves, serial_shops,
          nicolae_shop_tiny_real_fake_doors, minmay_fractal_squares_gapless_5
D:5:      layout_loops_cross, marbit_many_paths, xom_teletrap_fun,
          nicolae_shop_gadgets

Skill      XL: |  1  2  3  4  5  6  7 |
---------------+----------------------+-----
Earth Magic    | 4 5 6 |  6.6
Conjurations   | 2 3 4 5 |  5.1
Spellcasting   | 3 4 |  4.7
Dodging        | |  1.5
Stealth        | |  2.1

Action                     |  1- 3 |  4- 6 |  7- 9 || total
---------------------------+-------+-------+-------++-------
  Melee: Mace              |       |     7 |       ||     7
         Quarterstaff      |       |     2 |     2 ||     4
   Cast: Sandblast         |    39 |    83 |    37 ||   159
         Stone Arrow       |       |       |     7 ||     7
    Use: Potion            |       |       |     3 ||     3
 Armour: Robe              |     9 |    30 |    36 ||    75
  Dodge: Dodged            |     3 |    20 |    27 ||    50

Table legend: (Time is in decaauts)
 A = Elapsed time spent in this place.
 B = Non-inter-level travel time spent in this place.
 C = Inter-level travel time spent in this place.
 D = Time resting spent in this place.
 E = Time spent auto-exploring this place.
 F = Levels seen in this place.
 G = Mean time per level.
                   A        B        C        D        E       F      G
               +--------+--------+--------+--------+--------+-----+--------+
         Total |   4685 |   4543 |    142 |    433 |   3539 |   5 |  937.0 |
       Dungeon |   4685 |   4543 |    142 |    433 |   3539 |   5 |  937.0 |
               +--------+--------+--------+--------+--------+-----+--------+

Top non-repeatable levels by time:
     D:4: 1604 daAuts
     D:2: 1281 daAuts
     D:1: 1012 daAuts
     D:3: 745 daAuts
     D:5: 41 daAuts
